 Dungeon Crawl Stone Soup version 0.30.0-15-g856e2d3f33 (webtiles) character file.

Game seed: 1992082720309305523

4482 jtron the Cleaver (level 10, -9/91 HPs)
             Began as a Hill Orc Fighter on May 18, 2023.
             Was a Follower of Beogh.
             Killed from afar by a molten gargoyle (20 damage)
             ... with a bolt of magma
             ... on level 9 of the Dungeon.
             The game lasted 00:16:59 (6446 turns).

jtron the Cleaver (Hill Orc Fighter)                Turns: 6446, Time: 00:16:59

Health: -9/91      AC: 11    Str: 29    XL:     10   Next: 38%
Magic:  10/10      EV: 15    Int:  8    God:    Beogh [*.....]
Gold:   378        SH:  9    Dex: 10    Spells: 9/9 levels left

rFire   . . .        a - +0 broad axe
rCold   . . .        c - +0 buckler
rNeg    . . .        r - +0 scale mail
rPois   .            (no helmet)
rElec   .            A - +1 cloak
rCorr   .            n - +1 pair of gloves
SInv    +            (no boots)
Will    .....        I - amulet of Oddas {Reflect Str+5 SH+5}
Stlth   +            K - ring of see invisible
HPRegen 0.35/turn    j - +5 ring of evasion
MPRegen 0.12/turn

%: reflection
@: invisible
A: no striking features
a: Renounce Religion


You were on level 9 of the Dungeon.
You worshipped Beogh.
Beogh was aware of your devotion.
You visited 2 branches of the dungeon, and saw 10 of its levels.

You collected 378 gold pieces.

Inventory:

Hand Weapons
 a - a +0 broad axe (weapon)
 b - a +0 sling
 s - the +1 long sword of Cazaol {flame, *Noise rN+ rCorr Int+4}
   (You found it on level 4 of the Dungeon)

   Int:       It affects your intelligence (+4).
   rN:        It protects you from negative energy.
   *Noise:    It may make noises in combat.
   rCorr:     It protects you from acid and corrosion.
 v - a +0 heavy hand axe
 H - a +0 war axe
Missiles
 e - 55 stones (quivered)
 C - 3 boomerangs
 F - 11 poisoned darts
 N - 2 javelins
Armour
 c - a +0 buckler (worn)
 n - a +1 pair of gloves (worn)
 r - a +0 scale mail (worn)
 A - a +1 cloak (worn)
Jewellery
 j - a +5 ring of evasion (right hand)
 m - a ring of positive energy
 I - the amulet of Oddas (around neck) {Reflect Str+5 SH+5}
   (You found it on level 6 of the Dungeon)

   [amulet of reflection]

   It reflects blocked missile attacks.
   Str:       It affects your strength (+5).
   SH:        It affects your SH (+5).
 K - a ring of see invisible (left hand)
 M - a +4 ring of slaying
Wands
 G - a wand of paralysis (2)
 L - a wand of polymorph (11)
Scrolls
 f - a scroll of enchant weapon {unknown}
 g - 6 scrolls of teleportation
 i - 2 scrolls of noise {unknown}
 k - 2 scrolls of fear
 q - a scroll of amnesia {unknown}
 x - a scroll of blinking
 y - a scroll of fog {unknown}
 z - a scroll of torment {unknown}
 B - a scroll of acquirement {unknown}
 D - a scroll of identify
Potions
 d - a potion of brilliance {unknown}
 l - 4 potions of invisibility
 o - a potion of mutation {unknown}
 p - 3 potions of attraction {unknown}
 t - 3 potions of curing
 u - 2 potions of degeneration {unknown}
 w - a potion of magic
 E - a potion of flight {unknown}


   Skills:
 + Level 9.1 Fighting
 + Level 14.7 Axes
 + Level 0.1 Ranged Weapons
 + Level 2.8 Throwing
 - Level 4.0 Armour
 - Level 2.0 Dodging
 + Level 3.1 Stealth
 - Level 4.0 Shields
 + Level 1.2 Evocations


You had 9 spell levels left.
You didn't know any spells.
Your spell library contained the following spells:

 Spells                   Type           Power      Damage    Failure   Level
 Gell's Gravitas          Tloc           0%         N/A       97%         3
 Teleport Other           Tloc           0%         N/A       97%         3
 Dispersal                Tloc           0%         N/A       100%        6


Dungeon Overview and Level Annotations

Branches:
Dungeon (9/15)             Temple (1/1) D:5
   Lair: D:8-11         Orc: D:9-12

Altars:
Cheibriados
Dithmenos
Fedhas
Gozag
Hepliaklqana
Kikubaaqudgha
Nemelex Xobeh
Okawaru
Qazlal
Ru
Sif Muna
Trog
Uskayaw
Vehumet
Wu Jian
Xom
Yredelemnul
Zin
The Shining One

Shops:
D:3 *

Portals:
Abyss: D:5

Annotations:
D:5 2 transporters, BlasphemerAmon's ghost, novice FoCK
D:7 1 runed translucent door, slitherrr's ghost, journeyman NaRe


Message History

The molten gargoyle resists with almost no effort.
The molten gargoyle blasts magma at you!
The bolt of magma hits you!!
Unknown command.
Aiming: Paralyse
Press: ? - help, Shift-Dir - straight line, f/p - molten gargoyle
Aim: a molten gargoyle, wielding a +0 mace (chance to affect: 19%)
The molten gargoyle resists with almost no effort.
The molten gargoyle misses you.
Things that are here:
a +0 giant club; a +0 giant club You hit the molten gargoyle but do no damage.
The molten gargoyle closely misses you.
You hit the molten gargoyle.
The molten gargoyle is lightly damaged.
You block the molten gargoyle's attack.
You barely miss the molten gargoyle.
The molten gargoyle is lightly damaged.
The molten gargoyle blasts magma at you!
The bolt of magma hits you!
You slash the molten gargoyle!
The molten gargoyle is heavily damaged.
The molten gargoyle hits you with a +0 mace!
You are engulfed in flames!
You hit the molten gargoyle.
The molten gargoyle is heavily damaged.
You block the molten gargoyle's attack.
You barely miss the molten gargoyle.
The molten gargoyle is heavily damaged.
The molten gargoyle blasts magma at you!
The bolt of magma hits you!!
* * * LOW HITPOINT WARNING * * *
A steam dragon comes into view.
The steam dragon hisses angrily.
You hit the molten gargoyle but do no damage.
The molten gargoyle is heavily damaged.
You fade into invisibility!
The molten gargoyle blasts magma at you!
The bolt of magma hits you!!
You die...

##D.###
......#
####
.....(#
+<.###
.....(#
##...#
.....(#
###.#
......#
#.##......#
#..@......#
####9.....#
......#
..###.. .#.
. #.#. # ..
≈≈


You could see a molten gargoyle (unable to see you) and a steam dragon (unable
to see you).

Vanquished Creatures
  Erica (D:8)
  A two-headed ogre (D:9)
  Prince Ribbit (D:7)
  A shadow (D:6)
  A wyvern (D:8)
  A water moccasin (D:6)
  An ice beast (D:7)
  A sky beast (D:6)
  An orc warrior (D:6)
  3 black bears
  3 ogres
  3 centaurs
  3 phantoms (D:5)
  A gnoll sergeant (D:7)
  A bullfrog (D:8)
  A scorpion (D:5)
  6 killer bees (D:8)
  4 howler monkeys
  5 jellies
  5 hounds
  2 sleepcaps
  5 iguanas
  3 orc wizards
  5 adders
  11 gnolls
  2 shadow imps
  3 white imps
  2 ufetubi
  3 dart slugs
  20 orcs
  4 bats
  16 endoplasms
  2 giant cockroaches
  4 goblins
  6 hobgoblins
  8 jackals
  7 quokkas
  5 ball pythons
  12 kobolds
  7 rats
171 creatures vanquished.

Vanquished Creatures (others)
  3 gnolls (D:6)
  An orc (D:6)
4 creatures vanquished.

Grand Total: 175 creatures vanquished

Notes
Turn   | Place    | Note
-------+----------+-------------------------------------------
     0 | D:1      | jtron the Hill Orc Fighter began the quest for the Orb.
     0 | D:1      | Reached XP level 1. HP: 19/19 MP: 1/1
   106 | D:1      | Reached XP level 2. HP: 27/27 MP: 2/2
   170 | D:1      | Reached skill level 3 in Axes
   491 | D:1      | Reached XP level 3. HP: 33/33 MP: 3/3
  1051 | D:2      | You fall into a shaft and drop 2 floors!
  1080 | D:3      | Reached skill level 4 in Axes
  1159 | D:2      | Found a shimmering altar of Xom.
  1262 | D:2      | Reached XP level 4. HP: 40/40 MP: 4/4
  1665 | D:2      | Reached skill level 5 in Axes
  1665 | D:2      | Reached XP level 5. HP: 39/47 MP: 5/5
  1826 | D:2      | Reached skill level 6 in Axes
  1883 | D:3      | Found an opulent altar of Gozag.
  1945 | D:3      | Found a large runed translucent door.
  1945 | D:3      | Found a large runed translucent door.
  1946 | D:3      | Noticed a black bear
  2183 | D:3      | Killed a black bear
  2184 | D:3      | Reached skill level 1 in Dodging
  2184 | D:3      | Reached XP level 6. HP: 49/53 MP: 6/6
  2207 | D:3      | Found Uduah's Assorted Antiques.
  2361 | D:3      | Found an ornate altar of the Wu Jian Council.
  2369 | D:3      | Found a basalt altar of Yredelemnul.
  2648 | D:4      | Identified the +1 long sword of Cazaol {flame, *Noise rN+
                  | rCorr Int+4}
  2670 | D:4      | Reached skill level 5 in Fighting
  2997 | D:5      | Entered Level 5 of the Dungeon
  2997 | D:5      | Found a staircase to the Ecumenical Temple.
  3016 | D:5      | Reached skill level 7 in Axes
  3016 | D:5      | Reached XP level 7. HP: 61/61 MP: 7/7
  3050 | D:5      | Noticed a small abomination
  3061 | D:5      | Reached skill level 1 in Throwing
  3063 | D:5      | Reached skill level 8 in Axes
  3073 | D:5      | Found a transporter.
  3153 | D:5      | Noticed BlasphemerAmon's ghost (novice FoCK)
  3214 | D:5      | Reached skill level 9 in Axes
  3214 | D:5      | Reached XP level 8. HP: 68/70 MP: 8/8
  3479 | D:5      | Found a one-way gate to the infinite horrors of the Abyss.
  3491 | D:5      | Found a transporter.
  3702 | D:5      | Found a shimmering blue altar of Sif Muna.
  3711 | Temple   | Entered the Ecumenical Temple
  3980 | D:5      | Reached skill level 10 in Axes
  4040 | D:6      | Noticed a shadow
  4043 | D:6      | Found a shimmering altar of Xom.
  4056 | D:6      | Killed a shadow
  4201 | D:6      | Reached skill level 1 in Stealth
  4222 | D:6      | Reached skill level 11 in Axes
  4328 | D:6      | Reached XP level 9. HP: 73/79 MP: 9/9
  4423 | D:6      | Identified the amulet of Oddas {Reflect Str+5 SH+5}
  4492 | D:6      | Became a worshipper of Beogh the Brigand
  4741 | D:6      | Found a glowing silver altar of Zin.
  4750 | D:6      | Found a radiant altar of Vehumet.
  4959 | D:6      | Reached skill level 12 in Axes
  5060 | D:7      | Found a sacrificial altar of Ru.
  5138 | D:7      | Noticed Prince Ribbit
  5170 | D:7      | Killed Prince Ribbit
  5182 | D:7      | Found a runed translucent door.
  5206 | D:7      | Noticed slitherrr's ghost (journeyman NaRe)
  5546 | D:8      | Reached skill level 13 in Axes
  5552 | D:8      | Reached * piety under Beogh
  5627 | D:8      | Noticed Erica
  5636 | D:8      | Killed Erica
  5637 | D:8      | Reached skill level 14 in Axes
  5637 | D:8      | Reached skill level 1 in Evocations
  5637 | D:8      | Reached XP level 10. HP: 68/90 MP: 10/10
  5847 | D:8      | Found an iron altar of Okawaru.
  6424 | D:9      | Noticed a two-headed ogre
  6431 | D:9      | Killed a two-headed ogre
  6432 | D:9      | Noticed a molten gargoyle
  6446 | D:9      | Killed from afar by a molten gargoyle

Illustrated notes

Levels and vault maps discovered:
D:1:      dpeg_arrival_arbitrary_a, layout_loops_cross, minmay_surrounded
D:2:      cheibrodos_fertilizer, layout_basic, basic_altar
D:3:      layout_rooms, grunt_gozag_breadcrumbs, jmf_multi_god_temple2,
          serial_shops, shop
D:4:      layout_cave_pools
D:5:      layout_gridville, kennysheep_mini, temple_fountains,
          gammafunk_ghost_abyssal_escape
D:6:      layout_rooms, amcnicky_altar_gilded, mainiacjoe_overflow_swirl
D:7:      layout_rooms, mainiacjoe_overflow_brackets,
          hellmonk_ghost_happy_afterlife, uniq_prince_ribbit1
D:8:      layout_cave_pods, mainiacjoe_overflow_chevrons, uniq_erica
D:9:      layout_roguey, dpeg_oklobed_lair, minivault_8, uniq_joseph
Temple:   dpeg_chambers_temple

Skill      XL: |  1  2  3  4  5  6  7  8  9 10 |
---------------+-------------------------------+-----
Fighting       | 4 5 7 8 9 |  9.1
Axes           | 3 4 5 6 7 9 11 14 | 14.7
Dodging        | 1 2 |  2.0
Armour         | 4 |  4.0
Shields        | 4 |  4.0
Throwing       | 1 2 |  2.8
Stealth        | 1 3 |  3.1
Evocations     | 1 |  1.2
Ranged Weapons | |  0.1

Action                     |  1- 3 |  4- 6 |  7- 9 | 10-12 || total
---------------------------+-------+-------+-------+-------++-------
  Melee: War axe           |    96 |   159 |   135 |       ||   390
         Broad axe         |       |       |   128 |    15 ||   143
   Fire: Sling             |       |     2 |       |       ||     2
  Throw: Stone             |     2 |     2 |     1 |     1 ||     6
         Javelin           |       |     9 |    15 |     5 ||    29
 Invoke: Convert to Beogh  |       |       |     1 |       ||     1
  Evoke: Wand              |       |       |     5 |     2 ||     7
    Use: Scroll            |       |     8 |     5 |       ||    13
         Potion            |       |     3 |     4 |     1 ||     8
   Stab: Invisible         |       |       |     3 |       ||     3
 Armour: Scale mail        |    40 |    85 |    64 |     2 ||   191
  Dodge: Dodged            |    47 |   128 |   179 |     5 ||   359
  Block: Buckler           |    32 |    53 |    94 |     4 ||   183
         Reflection        |       |       |     1 |       ||     1
